 Dungeon Crawl Stone Soup version 0.18.1-6-gd335043 (webtiles) character file.

130 Gottschkopf the Conjurer (level 4, -2/24 HPs)
             Began as a Deep Elf Conjurer on May 17, 2016.
             Was an Initiate of Ru.
             Slain by an orc wizard
             ... wielding a +0 dagger
              (7 damage)
             ... on level 3 of the Dungeon.
             The game lasted 00:06:10 (2254 turns).

Gottschkopf the Conjurer (Deep Elf Conjurer)        Turns: 2254, Time: 00:06:11

Health: -2/24      AC:  2    Str:  5    XL:     4   Next: 90%
Magic:  0/12       EV: 13    Int: 21    God:    Ru [......]
Gold:   108        SH:  0    Dex: 18    Spells: 3 memorised, 5 levels left

rFire  + . .     SeeInvis .     h - +0 dagger
rCold  . . .     Gourm    .     a - +0 robe
rNeg   . . .     Faith    .     (no shield)
rPois  .         Spirit   .     (no helmet)
rElec  .         Dismiss  .     (no cloak)
rCorr  .         Reflect  .     (no gloves)
SustAt .         Harm     .     (no boots)
MR     .....                    (no amulet)
Stlth  +.........               f - ring of protection from fire
                                m - +3 ring of dexterity

@: confused, not resistant to hostile enchantments, very unstealthy
A: no striking features
a: Renounce Religion


You were on level 3 of the Dungeon.
You worshipped Ru.
Ru was noncommittal.
You were not hungry.

You visited 1 branch of the dungeon, and saw 3 of its levels.

You collected 108 gold pieces.

Inventory:

Hand Weapons
 h - a +0 dagger (weapon)
Armour
 a - a +0 robe (worn)
Jewellery
 e - an uncursed ring of teleportation
 f - a ring of protection from fire (right hand)
 m - a +3 ring of dexterity (left hand)
Scrolls
 i - 2 scrolls of teleportation {unknown}
 k - a scroll of amnesia {unknown}
Potions
 g - 2 potions of flight
 n - a potion of haste {unknown}
Books
 b - a book of Conjurations

   Spells                             Type                      Level
   a - Magic Dart                     Conjuration                  1
   b - Searing Ray                    Conjuration                  2
   c - Dazzling Spray                 Conjuration/Hexes            3
   d - Fulminant Prism                Conjuration/Hexes            4
   e - Iskenderun's Mystic Blast      Conjuration                  4
   f - Iskenderun's Battlesphere      Conjuration/Charms           5
Comestibles
 c - 2 bread rations
 d - 2 meat rations
 j - a royal jelly
 l - 2 chunks of flesh


   Skills:
 - Level 2.4 Dodging
 - Level 2.4 Stealth
 + Level 4.6 Spellcasting
 - Level 6.1 Conjurations


You had 5 spell levels left.
You knew the following spells:

 Your Spells              Type           Power        Failure   Level  Hunger
a - Magic Dart            Conj           ####         1%          1    None
b - Searing Ray           Conj           ####..       1%          2    #......
c - Iskenderun's Mystic   Conj           ####....     12%         4    ####...


Dungeon Overview and Level Annotations

Branches:
Dungeon (3/15)

Altars:
Gozag
Ru


Message History

The magic dart hits you! The orc hits you with a dagger.
Casting: Searing Ray
Confirm with . or Enter, or press ? or * to list all spells.
Aiming: Magic Dart
Press: ? - help, Shift-Dir - straight line, f - orc
Aim: an orc, wielding a dagger The magic dart hits the orc.
The orc is severely wounded.
The orc closely misses you.
Casting: Magic Dart
Confirm with . or Enter, or press ? or * to list all spells.
You don't have enough magic to cast that spell.
A magic dart appears from out of thin air!
The magic dart hits you!
* * * LOW HITPOINT WARNING * * *
You hear some strange, mumbled words.
You are confused.
Something hits you!
You die...

..#⌠#. ##...# .
..### #...# .# ....
##...# .. .# ##....#
.. # .# .. ##
###....# $#..# .#
#...#
#...##.##..?≈≈# .###
...###..###..)).≈≈≈#
...#
#.#.......o##...#≈#
..##
#.....####@....≈≈≈#
.##
#.....###.{.#..≈#≈#
.######..........##
≈≈≈≈#
.##().......####.#
#≈#
....#..........#.# #
#####............#
#..........#...
#..........#)##
#...........#


You could see an orc.

Vanquished Creatures
  An orc wizard (D:3)
  Ijyb (D:3)
  2 adders
  An ooze (D:1)
  2 worms
  A giant gecko (D:1)
  An orc (D:3)
  2 ball pythons
  8 bats
  A giant cockroach (D:1)
  2 goblins
  7 hobgoblins
  3 jackals (D:2)
  A quokka (D:2)
  2 giant newts
  8 kobolds
  5 rats
48 creatures vanquished.

Notes
Turn   | Place    | Note
--------------------------------------------------------------
     0 | D:1      | Gottschkopf the Deep Elf Conjurer began the quest for the Orb.
     0 | D:1      | Reached XP level 1. HP: 10/10 MP: 6/6
   103 | D:1      | Reached XP level 2. HP: 15/15 MP: 1/8
   196 | D:1      | Reached skill level 5 in Conjurations
  1096 | D:2      | Reached XP level 3. HP: 16/19 MP: 4/9
  1254 | D:2      | Found an opulent altar of Gozag.
  1256 | D:2      | Found a sacrificial altar of Ru.
  1261 | D:2      | Became a worshipper of Ru the Awakened
  1363 | D:2      | Learned a level 2 spell: Searing Ray
  2005 | D:2      | Reached skill level 6 in Conjurations
  2076 | D:3      | Reached XP level 4. HP: 24/24 MP: 5/10
  2122 | D:3      | Learned a level 4 spell: Iskenderun's Mystic Blast
  2232 | D:3      | Noticed Ijyb
  2248 | D:3      | Killed Ijyb
  2254 | D:3      | Slain by an orc wizard

Skill      XL: |  1  2  3  4 |
---------------+-------------+-----
Conjurations   | 5 6 |  6.1
Spellcasting   | 4 |  4.6
Dodging        | |  2.4
Stealth        | |  2.4

Action                   |  1- 3 |  4- 6 || total
-------------------------+-------+-------++-------
Melee: Dagger            |    14 |     5 ||    19
       Unarmed           |     7 |       ||     7
 Cast: Magic Dart        |    85 |    13 ||    98
       Searing Ray       |       |     2 ||     2
  Use: Scroll            |     4 |       ||     4
 Stab: Sleeping          |     1 |       ||     1
  Eat: Chunk             |     3 |     1 ||     4
Armor: Robe              |    15 |     1 ||    16
Dodge: Dodged            |    39 |     9 ||    48
